Unix NetHack Version 5.0.0-0 post-release - last build May 31 2026 23:59:36 (970b52f25bf058293b47ddfd14a1e40e571c508c,branch:main).

Game began 2026-06-08 10:11:12, ended 2026-06-08 10:26:09.

LDaviesPeters, neutral female human Archeologist

                                                                     --------
                                               ######################-......|
                                            ## d----------------     |......|
                                           ##)@@df........).(..|     |..[...|
                                                |..............|     |...<..|
                                                ...............|     |......|
                                                ----------------     --------

LDaviesPeters the Field Worker  St:11 Dx:8 Co:13 In:17 Wi:16 Ch:10  Neutral
Dlvl:3  $:13 HP:0(28) Pw:31(31) AC:8  Xp:4 T:1182  Hungry  

Latest messages:
 What do you want to throw? [$mr or ?*] k
 You don't have that object.
 What do you want to throw? [$mr or ?*] <space>
 Never mind.
 What do you want to throw? [$mr or ?*] ?
 In what direction? 4
 The dagger misses the floating eye.
 What do you want to throw? [$mr or ?*] m
 In what direction? 4
 The dagger misses the floating eye.
 What do you want to throw? [$mr or ?*] m
 In what direction? 4
 The dagger hits the floating eye.
 What do you want to throw? [$r or ?*] r
 In what direction? 4
 The curved sword misses the floating eye.
 You see here an empty unlocked large box.
 You are beginning to feel hungry.
 You lash the werejackal.
 The werejackal hits!
 You lash the werejackal.
 The werejackal summons help!
 A jackal suddenly appears next to you!
 The werejackal hits!
 You miss the werejackal.
 The jackal bites!
 The werejackal hits!
 You lash the werejackal.
 The jackal just misses!
 The werejackal summons help!
 You feel hemmed in.
 The werejackal hits!
 The kitten misses it.
 You miss the werejackal.
 The jackal misses!
 The werejackal summons help!
 A jackal suddenly appears next to you!
 The werejackal just misses!
 The kitten misses the jackal.
 The kitten misses the jackal.
 You lash the werejackal.
 The jackal bites!
 The jackal bites!
 The werejackal hits!
 You die...
 Do you want your possessions identified? [ynq] (y) y
 Do you want to see your attributes? [ynq] (y) y
 Do you want an account of creatures vanquished? [ynaq] (y) n
 Do you want to see your conduct and achievements? [ynq] (y) y
 Do you want to see the dungeon overview? [ynq] (y) n

Inventory:
 Coins    ('$')
  $ - 13 gold pieces
 Weapons  (')')
  a - a +2 bullwhip (weapon in right hand)
 Armor    ('[')
  e - an uncursed +0 orcish helm (being worn)
  h - an uncursed +0 leather jacket (being worn)
 Comestibles  ('%')
  o - 2 uncursed cram rations
  d - 3 uncursed food rations
 Scrolls  ('?')
  i - an uncursed scroll of destroy armor
  j - an uncursed scroll of enchant weapon
  n - an uncursed scroll of light
  l - an uncursed scroll of teleportation
 Potions  ('!')
  t - an uncursed potion of gain energy
  s - an uncursed potion of healing
 Wands    ('/')
  u - a wand of make invisible (0:4)
 Tools    ('(')
  b - an empty uncursed sack
  p - a +0 pick-axe (alternate weapon; not wielded)
  f - a tinning kit (0:92)
 Gems/Stones  ('*')
  g - an uncursed touchstone

LDaviesPeters the Archeologist's attributes:

Background:
 You were a Field Worker, a level 4 female human Archeologist.
 You were neutral, on a mission for Camaxtli
 who was opposed by Quetzalcoatl (lawful) and Huhetotl (chaotic).
 You were right-handed.
 You were in the Dungeons of Doom, on level 3.
 You entered the dungeon 1182 turns ago.
 You had 97 experience points, 63 more were needed to attain level 5.

Basics:
 You had 0 out of 28 hit points.
 You had all 31 energy points (spell power).
 Your armor class was 8.
 Your wallet contained 13 zorkmids.
 Autopickup was off.

Final Characteristics:
 Your strength was 11 (limit:18/100).
 Your dexterity was 8 (limit:18).
 Your constitution was 13 (limit:18).
 Your intelligence was 17 (limit:18).
 Your wisdom was 16 (limit:18).
 Your charisma was 10 (limit:18).

Final Status:
 You were hungry.
 You were unencumbered.
 You were wielding a whip.
 You had basic skill with whip.

Final Attributes:
 You were devoutly aligned.
 You had automatic searching.
 You are dead.

Miscellaneous:
 You didn't encounter any bones levels.
 Total elapsed playing time was 14 minutes and 42 seconds.

Major events:
 Turn
    1: LDaviesPeters the neutral female human Archeologist entered the dungeon
  387: entered the Gnomish Mines
  423: attained the rank of Field Worker (level 3)
 1182: killed by a werejackal

You didn't know any spells.

Skills:
 Fighting Skills
   bare handed combat [Unskilled]
   two weapon combat  [Unskilled]
   riding             [Unskilled]
 Weapon Skills
   dagger             [Unskilled]
   knife              [Unskilled]
   pick-axe           [Basic]
   short sword        [Unskilled]
   saber              [Unskilled]
   club               [Unskilled]
   quarterstaff       [Unskilled]
   sling              [Unskilled]
   dart               [Unskilled]
   boomerang          [Unskilled]
   whip               [Basic]
   unicorn horn       [Unskilled]
 Spellcasting Skills
   attack spells      [Unskilled]
   healing spells     [Unskilled]
   divination spells  [Unskilled]
   matter spells      [Unskilled]

Voluntary challenges:
 Character rerolling was not enabled.
 You never genocided any monsters.
 You never polymorphed an object.
 You used no wishes.
Achievements:
 You entered the Gnomish Mines.
 You attained the rank of Field Worker.

 The Dungeons of Doom: levels 1 to 3
    Level 1:
       A fountain.
    Level 2:
       A fountain.
       Stairs down to The Gnomish Mines.
    Level 3: <- You were here.
       Final resting place for
          you, killed by a werejackal.
 The Gnomish Mines: levels 3 to 4
    Level 3:
    Level 4:


Vanquished creatures:
  a wererat
  a hobbit
  a hobgoblin
  3 giant rats
  a yellow mold
  6 gnomes
  a gnome zombie
  2 geckos
  5 jackals
  a goblin
  a sewer rat
  a grid bug
  a lichen
  3 newts
28 creatures vanquished.

No species were genocided or became extinct.

Game over:
                       ----------
                      /          \
                     /    REST    \
                    /      IN      \
                   /     PEACE      \
                  /                  \
                  |  LDaviesPeters   |
                  |      13 Au       |
                  |   killed by a    |
                  |    werejackal    |
                  |                  |
                  |                  |
                  |       2026       |
                 *|     *  *  *      | *
        _________)/\\_//(\/(/\)/\//\/|_)_______

Goodbye LDaviesPeters the Archeologist...

You died in The Dungeons of Doom on dungeon level 3 with 550 points,
and 13 pieces of gold, after 1182 moves.
You were level 4 with a maximum of 28 hit points when you died.

